 Dungeon Crawl Stone Soup version 0.30.1-11-g7821555f0a (webtiles) character file.

Game seed: 9297715261648443845

1561 lonewolfV2 the Fighter (level 8, -6/61 HPs)
             Began as an Octopode Fighter on Nov 15, 2023.
             Mangled by a howler monkey (7 damage)
             ... on level 6 of the Dungeon.
             The game lasted 00:06:23 (4568 turns).

lonewolfV2 the Fighter (Octopode Fighter)           Turns: 4568, Time: 00:06:24

Health: -6/61      AC:  1    Str: 18    XL:     8   Next: 89%
Magic:  8/8        EV: 13    Int: 10    God:
Gold:   364        SH:  8    Dex: 11    Spells: 7/7 levels left

rFire   . . .        a - +0 war axe (freeze)
rCold   . . .        b - +2 buckler
rNeg    . . .        (helmet restricted)
rPois   .            i - amulet of regeneration
rElec   .            o - ring of see invisible
rCorr   .            (no ring)
SInv    +            (no ring)
Will    .....        (no ring)
Stlth   +++          (no ring)
HPRegen 1.10/turn    (no ring)
MPRegen 0.11/turn    (no ring)
                     (no ring)

%: no passive effects
@: no status effects
A: almost no armour, amphibious, 8 rings, camouflage 1, gelatinous body 1,
nimble swimmer 1, tentacles
a: no special abilities


You were on level 6 of the Dungeon.
You visited 1 branch of the dungeon, and saw 6 of its levels.

You collected 364 gold pieces.

Inventory:

Hand Weapons
 a - a +0 war axe of freezing (weapon)
Armour
 b - a +2 buckler (worn)
Jewellery
 g - an amulet of the acrobat
 i - an amulet of regeneration (around mantle)
 o - a ring of see invisible (left tentacle)
Wands
 q - a wand of acid (7)
Scrolls
 f - 2 scrolls of teleportation
 h - a scroll of enchant armour
 n - a scroll of noise
Potions
 c - 4 potions of might
 d - a potion of degeneration
 e - a potion of invisibility
 j - a potion of magic {unknown}
 k - 2 potions of haste
 l - a potion of cancellation
 m - 2 potions of lignification
 p - a potion of mutation {unknown}
 r - a potion of berserk rage {unknown}
 s - a potion of heal wounds {unknown}
 t - a potion of brilliance {unknown}


   Skills:
 + Level 8.3 Fighting
 - Level 2.0 Axes
 - Level 3.0 Dodging
 + Level 8.2 Shields


You had 7 spell levels left.
You didn't know any spells.
Your spell library contained the following spells:

 Spells                   Type           Power      Damage    Failure   Level
 Kiss of Death            Conj/Necr      0%         2d5       41%         1
 Static Discharge         Conj/Air       0%         2-2/arc   56%         2
 Confusing Touch          Hex            0%         N/A       80%         3
 Airstrike                Air            0%         2d(0-16)  99%         4
 Dispel Undead            Necr           0%         3d6       99%         4
 Summon Lightning Spire   Summ/Air       0%         N/A       99%         4


Dungeon Overview and Level Annotations

Branches:
Dungeon (6/15)
 Temple: D:4-7

Altars:
Elyvilon
Fedhas
Hepliaklqana
Nemelex Xobeh
Okawaru
Sif Muna
Uskayaw


Innate Abilities, Weirdness & Mutations

You cannot wear most types of armour.
You are amphibious.
You can wear up to eight rings at the same time.
Your skin changes colour to match your surroundings (Stealth+).
Your rubbery body absorbs attacks. (AC +1, EV +1)
You are camouflaged when in or above water. (Stealth+)
You have tentacles for arms and can constrict up to eight enemies at once.


Message History

Your grab misses the howler monkey.
The howler monkey is moderately wounded.
You closely miss the howler monkey. You hit the hound. You freeze the hound.
The hound bites you. The howler monkey hits you.
You block the howler monkey's attack. The hound misses you.
The howler monkey hits you.
* * * LOW HITPOINT WARNING * * *
The hound closely misses you.
The howler monkey hoots and howls with incredible vigour! x2
You block the hound's attack.
You hear a shout! x2
The howler monkey misses you.
The howler monkey hoots and howls with incredible vigour!
The hound closely misses you.
You block the howler monkey's attack. x2
You hear a shout! x2
You hit the howler monkey but do no damage.
Your grab misses the howler monkey. You squeeze the howler monkey.
The howler monkey is moderately wounded.
You slash the howler monkey! You freeze the howler monkey.
You closely miss the hound.
You hear the rusting of a very distant drain.
The hound bites you.
* * * LOW HITPOINT WARNING * * *
The howler monkey barely misses you. You block the hound's attack.
The howler monkey hits you.
* * * LOW HITPOINT WARNING * * *
You block the howler monkey's attack. The howler monkey hits you.
* * * LOW HITPOINT WARNING * * *
You hit the howler monkey. You freeze the howler monkey.
Your grab misses the howler monkey. You squeeze the howler monkey.
The howler monkey is severely wounded.
You hit the hound. You freeze the hound. You barely miss the howler monkey.
You hit the howler monkey. You freeze the howler monkey. The hound bites you.
* * * LOW HITPOINT WARNING * * *
The howler monkey hoots and howls with incredible vigour!
The hound misses you. You block the howler monkey's attack.
The howler monkey hits you.
* * * LOW HITPOINT WARNING * * *
The howler monkey hits you!
You die...

#.≈≈~.(..# #.~~~....#
#.~≈~....# #.~≈~..P.#
#.~≈~....# #+###≈~....#
##############...#≈~P...#
.......hhh...#.o)#≈~....#
≈~≈~~≈~h@†≈~~#####≈~....#
≈≈≈≈≈~≈≈≈≈≈≈≈≈≈≈≈≈≈~....#
~≈≈~≈≈~~≈≈~≈≈~~≈~~~~....#
..........!........P....#
.......P................#
#########################


You could see 3 howler monkeys and a hound.

Vanquished Creatures
  Grinder (D:4)
  Duvessa (D:4)
  An ogre (D:6)
  2 black bears (D:5)
  A phantom (D:5)
  2 bullfrogs (D:6)
  A scorpion (D:5)
  Dowan (D:4)
  2 howler monkeys (D:6)
  7 hounds
  2 jellies
  2 iguanas
  An orc priest (D:3)
  A sleepcap (D:5)
  Natasha (D:4)
  An orc wizard (D:3)
  4 adders
  A white imp (D:6)
  An ufetubus (D:5)
  2 worms
  2 dart slugs
  9 orcs
  6 endoplasms
  4 giant cockroaches
  6 goblins
  6 hobgoblins
  20 jackals
  11 kobolds
  3 quokkas
  6 ball pythons
  4 bats
  2 frilled lizards
  4 rats (D:1)
  A spectral orc (D:5)
119 creatures vanquished.

Notes
Turn   | Place    | Note
-------+----------+-------------------------------------------
     0 | D:1      | lonewolfV2 the Octopode Fighter began the quest for the
                  | Orb.
     0 | D:1      | Reached XP level 1. HP: 16/16 MP: 1/1
    91 | D:1      | Reached XP level 2. HP: 20/21 MP: 2/2
   312 | D:1      | Reached XP level 3. HP: 18/26 MP: 3/3
   928 | D:2      | Found a shimmering blue altar of Sif Muna.
  1274 | D:2      | Reached XP level 4. HP: 23/33 MP: 4/4
  2254 | D:3      | Found a hide-covered altar of Uskayaw.
  2577 | D:3      | Reached XP level 5. HP: 27/38 MP: 5/5
  2811 | D:4      | Noticed Duvessa
  2820 | D:4      | Noticed Dowan
  2832 | D:4      | Killed Duvessa
  2833 | D:4      | Reached skill level 5 in Fighting
  2833 | D:4      | Reached skill level 5 in Shields
  2833 | D:4      | Reached XP level 6. HP: 21/45 MP: 6/6
  2837 | D:4      | Killed Dowan
  3039 | D:4      | Found a white marble altar of Elyvilon.
  3099 | D:4      | Noticed Natasha
  3104 | D:4      | Killed Natasha
  3175 | D:4      | Noticed Grinder
  3195 | D:4      | Killed Grinder
  3196 | D:4      | Reached XP level 7. HP: 23/52 MP: 7/7
  3328 | D:5      | Entered Level 5 of the Dungeon
  3342 | D:5      | Found a blossoming altar of Fedhas.
  3364 | D:5      | Found an iron altar of Okawaru.
  3433 | D:5      | Reached XP level 8. HP: 58/58 MP: 8/8
  3457 | D:5      | Found a sparkling altar of Nemelex Xobeh.
  3916 | D:5      | Found a hazy altar of Hepliaklqana.
  4091 | D:5      | Found a shimmering blue altar of Sif Muna.
  4568 | D:6      | HP: 1/61 [howler monkey (5)]
  4568 | D:6      | Mangled by a howler monkey

Illustrated notes

Levels and vault maps discovered:
D:1:      denvon_arrival_waterhouse, layout_basic
D:2:      layout_rooms, basic_altar, minmay_distorted
D:3:      layout_loops_corners, lemuel_tele_altar, minmay_misc_feat_rows
D:4:      layout_loops_ring, mainiacjoe_overflow_cross_hatched,
          minmay_temple_entry_statues_fountains, chequers_serial_rivers_micro_e,
          minmay_misc_feat_tower, uniq_grinder, uniq_duvessa,
          uniq_blork_the_orc, uniq_natasha
D:5:      layout_basic, mainiacjoe_overflow_catwalk, old_standard_altar,
          mainiacjoe_overflow_alcove_4, nicolae_hepliaklqana_monster_ancestors,
          amcnicky_altar_gilded
D:6:      lemuel_castle_with_subvaults [lemuel_castle_interior_carwin_1],
          layout_basic, gup_sewer_entry_bubbles, kennysheep_opposing_triangles,
          uniq_menkaure

Skill      XL: |  1  2  3  4  5  6  7  8 |
---------------+-------------------------+-----
Shields        | 4 5 6 8 |  8.2
Fighting       | 4 5 6 8 |  8.3
Axes           | |  2.0
Dodging        | |  3.0

Action                     |  1- 3 |  4- 6 |  7- 9 || total
---------------------------+-------+-------+-------++-------
  Melee: War axe           |    64 |   101 |    76 ||   241
         Constrict         |    15 |    31 |    17 ||    63
         Tentacles         |     7 |    31 |    16 ||    54
         Punch             |       |     2 |     2 ||     4
    Use: Scroll            |     5 |     5 |     4 ||    14
         Potion            |       |     1 |       ||     1
   Stab: Sleeping          |     3 |     2 |       ||     5
 Armour: Skin              |     5 |     6 |     7 ||    18
  Dodge: Dodged            |    70 |    72 |    55 ||   197
  Block: Buckler           |    23 |    29 |    43 ||    95
